 Dungeon Crawl Stone Soup version 0.28.0-45-g0d030f2227 (webtiles) character file.

Game seed: 5500216669908683979

1226 CryoSword the Grave Robber (level 8, -5/67 HPs)
             Began as a Ghoul Necromancer on Apr 23, 2022.
             Was an Initiate of Makhleb.
             Slain by a wight
             ... wielding a +5 long sword
              (13 damage)
             ... on level 6 of the Dungeon.
             The game lasted 00:11:09 (7092 turns).

CryoSword the Grave Robber (Ghoul Necromancer)      Turns: 7092, Time: 00:11:10

Health: -5/67      AC:  5    Str: 19    XL:     8   Next: 47%
Magic:  10/10      EV: 11    Int: 12    God:    Makhleb [......]
Gold:   245        SH:  0    Dex:  9    Spells: 7/11 levels left

rFire   . . .      SeeInvis .   q - +0 quarterstaff
rCold   + . .      Faith    .   (shield currently unavailable)
rNeg    + + +      Spirit   .   l - +0 leather armour
rPois   ∞          Reflect  .   b - +0 helmet
rElec   +          Harm     .   (no cloak)
rCorr   +          Rampage  .   v - +0 pair of gloves
Will    .....                   (no boots)
Stlth   +++.......              f - amulet of Usem {RegenMP rElec Will- Str+7 Stlth+}
HPRegen 0.00/turn               a - ring of resist corrosion
MPRegen 0.52/turn               (no ring)

@: mighty, inhibited regen, studying Staves
A: claws 1, cold resistance 1, negative energy resistance 3, inhibited
regeneration, torment resistance 2
a: Renounce Religion


You were on level 6 of the Dungeon.
You worshipped Makhleb.
Makhleb was noncommittal.
You visited 1 branch of the dungeon, and saw 6 of its levels.
You also visited: Sewer.

You collected 245 gold pieces.

Inventory:

Hand Weapons
 q - a +0 quarterstaff (weapon)
   (You found it on level 5 of the Dungeon)
Armour
 b - a +0 helmet (worn)
   (You found it on level 1 of the Dungeon)
 l - a +0 leather armour (worn)
   (You took it off an orc on level 4 of the Dungeon)
 v - a +0 pair of gloves (worn)
   (You found it on level 6 of the Dungeon)
Magical Staves
 s - a staff of conjuration
   (You found it on level 5 of the Dungeon)
Jewellery
 a - a ring of resist corrosion (left hand)
   (You found it on level 4 of the Dungeon)
 f - the amulet of Usem (around neck) {RegenMP rElec Will- Str+7 Stlth+}
   (You found it on level 2 of the Dungeon)

   [amulet of magic regeneration]

   It increases your rate of magic regeneration.
   Str:       It affects your strength (+7).
   rElec:     It insulates you from electricity.
   Will:      It decreases your willpower.
   Stlth:     It makes you more stealthy.
Scrolls
 d - a scroll of silence {unknown}
 j - 2 scrolls of teleportation {@r4}
 k - a scroll of vulnerability {unknown}
 n - a scroll of fog {unknown}
 o - a scroll of enchant weapon {unknown}
 p - 3 scrolls of fear {unknown}
 r - 2 scrolls of magic mapping {unknown}
 t - a scroll of noise {unknown}
Potions
 c - a potion of magic
 e - a potion of ambrosia {unknown}
 g - 4 potions of curing {unknown}
 h - a potion of heal wounds {unknown}
 i - 5 potions of flight
 m - 2 potions of might
 u - a potion of brilliance {unknown}


   Skills:
 + Level 4.4 Fighting
 - Level 3.9 Short Blades
 - Level 2.2(3.0) Maces & Flails
 * Level 3.0(3.4) Staves
 - Level 2.0 Dodging
 - Level 2.3 Stealth
 - Level 2.3 Spellcasting
 * Level 7.4 Necromancy


You had 7 spell levels left.
You knew the following spells:

 Your Spells              Type           Power      Damage    Failure   Level
a - Pain                  Necr           76%        1d7       1%          1
b - Vampiric Draining     Necr           19%        2d7       4%          3

Your spell library contained the following spells:

 Spells                   Type           Power      Damage    Failure   Level
 Animate Skeleton         Necr           38%        N/A       1%          1
 Animate Dead             Necr           9%         N/A       14%         4
 Agony                    Necr           19%        N/A       38%         5


Dungeon Overview and Level Annotations

Branches:
Dungeon (6/15)              Sewer (visited)
 Temple: D:4-7

Altars:
Cheibriados
Dithmenos
Gozag
Makhleb
Ru

Shops:
D:4 [   D:6 (

Annotations:
D:3 3 runed translucent doors, LemonRage's ghost, amateur DEIE; Zippel's ghost, amateur TrWn; mistmaker's ghost, weakling TeAE; spica's ghost, amateur HOBe; zorge82's ghost, amateur HOFi


Innate Abilities, Weirdness & Mutations

You thrive by killing the living.
You are immune to poison.
You have sharp fingernails.
Your flesh is cold resistant. (rC+)
You are immune to negative energy. (rN+++)
You do not regenerate when monsters are visible.
You are immune to unholy pain and torment.


Message History

You kill the adder!
Makhleb accepts your kill.
Your Staves skill increases to level 1!
u - a grey potion
Found a hunting sling.
An adder comes into view.
The adder hisses angrily.
An adder is nearby!
An adder is nearby!
An adder is nearby!
Found 20 arrows.
You hit the adder. The adder bites you. The adder bites you but does no damage.
Aim: an adder (lightly wounded, chance to affect: 83%)
The adder writhes in agony.
The adder bites you.
Aim: an adder (heavily wounded)
You draw life force from the adder!
You kill the adder!
Makhleb accepts your kill.
You feel better.
You feel life coursing into your body.
You see here a +0 scale mail.
You now have 228 gold pieces (gained 17).
You now have enough gold to buy a +1 pair of gloves of hurling on D:4.
You now have 236 gold pieces (gained 8).
Done exploring.
Done exploring.
Done exploring.
No target in view!
There is an escape hatch in the ceiling here.
There is an escape hatch in the floor here.
There is a stone staircase leading down here.
You climb downwards.
Found Saviupy's Weapon Shoppe.
Found a stone staircase leading down.
There is a stone staircase leading up here.
There is an entrance to Saviupy's Weapon Shoppe here.
There is a stone staircase leading up here.
Found a stone staircase leading down.
Found a glaive.
v - a +0 pair of gloves A water moccasin comes into view.
A water moccasin is nearby!
Aim: a water moccasin (asleep)
The water moccasin hisses angrily.
You draw life force from the water moccasin.
The water moccasin closely misses you. The water moccasin bites you.
Aim: a water moccasin (moderately wounded)
You draw life force from the water moccasin!
You feel life coursing into your body. The water moccasin bites you.
Aim: a water moccasin (heavily wounded)
You draw life force from the water moccasin!
You feel life coursing into your body. The water moccasin bites you. x2
You don't have enough magic to cast this spell.
Aim: a water moccasin (almost dead, chance to affect: 76%)
The water moccasin writhes in agony.
The water moccasin bites you.
Aim: a water moccasin (almost dead, chance to affect: 76%)
The water moccasin writhes in agony.
You kill the water moccasin!
Makhleb accepts your kill.
You feel better.
Your Staves skill increases to level 2!
You start putting on your armour.
You continue putting on your +0 pair of gloves. x4
You finish putting on your +0 pair of gloves.
You see here a +0 glaive.
Found a stone staircase leading up.
You now have 240 gold pieces (gained 4).
g - 4 black potions (gained 1)
Found a dagger.
Found a stone staircase leading down.
You now have 245 gold pieces (gained 5).
An ogre comes into view. It is wielding a +0 giant club.
Found 21 stones.
The ogre shouts!
An ogre is nearby!
An ogre is nearby!
An ogre is nearby!
You thump the ogre! The ogre closely misses you.
You thump the ogre!
The ogre hits you with a +0 giant club!!
You are too injured to fight recklessly!
You are too injured to fight recklessly!
Aim: an ogre, wielding a +0 giant club (severely wounded)
You draw life force from the ogre!
You kill the ogre!
Makhleb accepts your kill.
You feel better.
You feel life coursing into your body.
A water moccasin zombie comes into view.
A water moccasin zombie is nearby!
A water moccasin zombie is nearby!
A water moccasin zombie is nearby!
A water moccasin zombie is nearby!
The water moccasin zombie bites you.
The water moccasin zombie bites you but does no damage.
You hit the water moccasin zombie but do no damage.
The water moccasin zombie bites you but does no damage.
You hit the water moccasin zombie.
The water moccasin zombie closely misses you.
You closely miss the water moccasin zombie.
The water moccasin zombie barely misses you.
The water moccasin zombie bites you.
You hit the water moccasin zombie.
The water moccasin zombie bites you but does no damage.
You hit the water moccasin zombie but do no damage.
The water moccasin zombie closely misses you.
You sock the water moccasin zombie! The water moccasin zombie bites you.
The water moccasin zombie closely misses you.
You closely miss the water moccasin zombie.
The water moccasin zombie barely misses you.
You hit the water moccasin zombie.
The water moccasin zombie bites you but does no damage.
You hit the water moccasin zombie. The water moccasin zombie misses you.
The water moccasin zombie bites you but does no damage.
You closely miss the water moccasin zombie.
The water moccasin zombie closely misses you.
You closely miss the water moccasin zombie.
The water moccasin zombie bites you!
The water moccasin zombie closely misses you.
You thump the water moccasin zombie!
The water moccasin zombie bites you but does no damage.
You sock the water moccasin zombie!
You destroy the water moccasin zombie!
Makhleb accepts your kill.
You feel better.
Your Staves skill increases to level 3!
No target in view!
No target in view!
An ogre and 2 wights come into view.
There are monsters nearby!
There are monsters nearby!
There are monsters nearby!
You hit the wight but do no damage.
The wight hits you with a +5 long sword!
You hit the wight but do no damage.
The wight hits you with a +5 long sword.
You hit the wight.
The wight hits you with a +5 long sword!
You barely miss the wight.
The wight hits you with a +5 long sword!
* * * LOW HITPOINT WARNING * * *
You hit the wight. The wight closely misses you.
The wight hits you with a +5 long sword!
* * * LOW HITPOINT WARNING * * *
You feel very mighty all of a sudden.
The wight hits you with a +5 long sword!
* * * LOW HITPOINT WARNING * * *
You closely miss the wight.
The wight hits you with a +5 long sword!
* * * LOW HITPOINT WARNING * * *
You closely miss the wight.
The wight hits you with a +5 long sword!
You die...

### #.# ###
##########.########### #.#
#.....................
#.##########.########.#.######...
#.#.................#.#.#####....
#.#.#######..#####..............>
#.#.#######..#####.##.#.######...
...............z@............#...
.............#####.##.#.####.###.
#.#......##..# #.##.#.# # #8
.............# ##.##.#.## #.# #.
#.#............ .........###.###.
..#..........#####...............
............... ...<.............
.............#####...............
.####.##...........#+##..###.##..


You could see a wight.

Vanquished Creatures
  A yak (D:3)
  A water moccasin (D:6)
  A black bear (D:4)
  An ogre (D:6)
  2 phantoms (D:5)
  A bullfrog (D:4)
  2 scorpions
  A water moccasin zombie (D:6)
  A hound (D:5)
  3 iguanas
  2 orc wizards (D:5)
  A hound zombie (D:5)
  2 hound skeletons (D:4)
  11 adders
  A river rat (Sewer)
  An adder skeleton (D:4)
  2 worms (Sewer)
  2 dart slugs
  6 orcs
  7 ball pythons
  5 endoplasms
  7 giant cockroaches
  11 goblins
  6 hobgoblins
  7 jackals
  6 quokkas
  14 bats
  6 frilled lizards
  6 kobolds
  8 rats
125 creatures vanquished.

Notes
Turn   | Place    | Note
-------+----------+-------------------------------------------
     0 | D:1      | CryoSword the Ghoul Necromancer began the quest for the
                  | Orb.
     0 | D:1      | Reached XP level 1. HP: 14/14 MP: 2/2
   203 | D:1      | Reached XP level 2. HP: 20/20 MP: 0/3
  1180 | D:1      | Found a faded altar of an unknown god.
  1281 | D:1      | Reached XP level 3. HP: 18/27 MP: 1/5
  1443 | D:2      | Identified the amulet of Usem {RegenMP rElec Will- Str+7
                  | Stlth+}
  1743 | D:2      | Learned a level 3 spell: Vampiric Draining
  1825 | D:2      | Reached skill level 1 in Fighting
  2318 | D:3      | Reached skill level 1 in Maces & Flails
  2334 | D:3      | Found an opulent altar of Gozag.
  2418 | D:3      | Found a runed translucent gate.
  2418 | D:3      | Found a runed translucent gate.
  2418 | D:3      | Found a runed translucent gate.
  2420 | D:3      | Noticed spica's ghost (amateur HOBe)
  2420 | D:3      | Noticed zorge82's ghost (amateur HOFi)
  2421 | D:3      | Noticed LemonRage's ghost (amateur DEIE)
  2421 | D:3      | Noticed mistmaker's ghost (weakling TeAE)
  2455 | D:3      | Found a glowing drain.
  2465 | D:3      | Reached XP level 4. HP: 35/35 MP: 3/6
  2469 | Sewer    | Entered a sewer
  2809 | Sewer    | Reached XP level 5. HP: 32/40 MP: 4/7
  3027 | Sewer    | Reached skill level 5 in Necromancy
  3810 | D:3      | Noticed Zippel's ghost (amateur TrWn)
  3830 | D:4      | Found Tushunag's Armour Shoppe.
  3918 | D:4      | Noticed a black bear
  3924 | D:4      | Reached skill level 1 in Short Blades
  3924 | D:4      | Reached XP level 6. HP: 31/48 MP: 2/8
  4247 | D:4      | Killed a black bear
  4682 | D:4      | Noticed a yak
  4695 | D:4      | Noticed a yak
  4696 | D:4      | Noticed a yak
  4753 | D:3      | Killed a yak
  4754 | D:3      | Reached skill level 6 in Necromancy
  4754 | D:3      | Reached XP level 7. HP: 44/56 MP: 3/9
  5448 | D:4      | Identified the +3 robe of Jameejoi {-Tele Int+3 Dex+6
                  | Stlth+}
  5589 | D:4      | Found a sacrificial altar of Ru.
  5594 | D:4      | Found a burning altar of Makhleb.
  5597 | D:4      | Found a snail-covered altar of Cheibriados.
  5604 | D:4      | Became a worshipper of Makhleb the Destroyer
  5741 | D:5      | Entered Level 5 of the Dungeon
  6031 | D:5      | Reached XP level 8. HP: 12/66 MP: 10/10
  6423 | D:5      | Reached skill level 7 in Necromancy
  6521 | D:5      | Found a shadowy altar of Dithmenos.
  6525 | D:5      | Reached skill level 1 in Staves
  6745 | D:6      | Found Saviupy's Weapon Shoppe.
  7092 | D:6      | Slain by a wight

Illustrated notes

Levels and vault maps discovered:
D:1:      psy_arrival_terrarium, layout_loops_ring,
          dreamdust_ecumenical_altar_angels_and_demons, minmay_distorted
D:2:      layout_basic, serial_park_tiny_2, chequers_mini_garden
D:3:      layout_basic, nicolae_gozag_cash_rules_everything_around_me,
          gammafunk_ghost_cemetery, portal_sewer_entry_d
D:4:      layout_cave_pools, minmay_overflow_temple_star_quad, serial_shops,
          nicolae_stop_n_shop_2, minmay_manual_mail
D:5:      layout_rooms, nicolae_dithmenos_through_a_glass_darkly
D:6:      layout_basic, temple_doors_ab, serial_shops, nicolae_stop_n_shop_1

Skill      XL: |  1  2  3  4  5  6  7  8 |
---------------+-------------------------+-----
Spellcasting   | 2 |  2.3
Fighting       | 1 2 3 4 |  4.4
Maces & Flails | 1 2 |  2.2
Necromancy     | 5 6 7 |  7.4
Short Blades   | 1 2 3 |  3.9
Dodging        | 2 |  2.0
Staves         | 3 |  3.0
Stealth        | |  2.3

Action                   |  1- 3 |  4- 6 |  7- 9 || total
-------------------------+-------+-------+-------++-------
Melee: Unarmed           |    30 |       |       ||    30
       Whip              |    49 |     2 |       ||    51
       Rapier            |       |    11 |    65 ||    76
       Punch             |       |       |     4 ||     4
       Quarterstaff      |       |       |    34 ||    34
 Cast: Pain              |    72 |   114 |    12 ||   198
       Vampiric Draining |       |    15 |    24 ||    39
  Use: Scroll            |       |     5 |       ||     5
       Potion            |       |       |     1 ||     1
 Stab: Sleeping          |     1 |     2 |     3 ||     6
Armor: Robe              |    35 |    14 |       ||    49
       Leather armour    |       |     4 |    27 ||    31
Dodge: Dodged            |    90 |    82 |    51 ||   223
